AoeStats
← SeemsFishy

Lombardia

507694007Analyzed
4v4 RM · 13d ago on Sep 19, 2026· 16m 40s· 8 players
Game mode
Random Map
Map size
Large (8 player)
Population
200
Speed
Normal
Resources
Standard
Victory
Conquest
Starting age
Dark Age
Ending age
Imperial Age
RankedLock teamsTeams togetherTeam positionsShared explorationLock speedFull tech treeHidden civsTurbo modeCheats
Victory
Defeat
🇬🇧 Hindustanis · United Kingdom
1422
+15
🇹🇷 Poles · Türkiye
1345
+18
🇬🇧 Malay · United Kingdom
1273
+21
🇩🇪 Tatars · Germany
1251
+22
🇳🇱 Portuguese · Netherlands
1443
-21
🇨🇳 Mongols · China
1429
-21
1403
-20
🇦🇺 Gurjaras · Australia
1267
-14
BoBa
0:50 Loom
14:10 Feudal Age
14:42 Double-Bit Axe
14:39 Horse Collar
SeemsFishy
5:18 Loom
9:50 Feudal Age
10:47 Double-Bit Axe
Leeroy Jenkins III
9:35 Loom
11:56 Feudal Age
17:27 Castle Age
16:02 Double-Bit Axe
Kirschtopf
11:42 Feudal Age
10:02 Loom
11:47 Feudal Age
15:52 Castle Age
14:09 Double-Bit Axe
14:36 Horse Collar
17:06 Bow Saw
Rien
9:18 Loom
11:03 Feudal Age
12:24 Double-Bit Axe
12:49 Horse Collar
15:17 Castle Age
16:39 Bow Saw
double barrack mountain king
10:33 Feudal Age
14:14 Castle Age
13:21 Horse Collar
13:27 Double-Bit Axe
15:03 Heavy Plow
15:14 Bow Saw
noob ban arabia
9:55 Feudal Age
11:29 Double-Bit Axe
14:04 Castle Age
12:29 Horse Collar
15:50 Bow Saw
citrusspecialist
4:01 Loom
11:43 Feudal Age
15:33 Castle Age
13:34 Double-Bit Axe
13:33 Horse Collar
Connection lost

Rejoining the realm…

Still unreachable

The connection could not be restored.

Session expired

The server has moved on; the page needs a fresh start.